Map: Acropolis LE

Players

Jason

  • Race: Terran Terran
  • League: Grandmaster
  • Spawn Location: 11:00

Rob - Winner!

  • Race: Protoss Protoss
  • League: Grandmaster
  • Spawn Location: 5:00

VOD

Have the link to the VOD?

Description

Time

  • Played on: May 13, 2019, 8:55 p.m.
  • Length: 12:18
Show
View Real Time Build Order
Export as new Build Order

Jason Terran 

Build Orders:  

Get SALT Encoding   

  12  0:00  SCV  
  13  0:12  SCV  
  14  0:18  Supply Depot  
  14  0:25  SCV  
  15  0:34  Refinery  
  15  0:39  SCV  
  16  0:44  Barracks  
  16  0:51  SCV  
  17  1:03  SCV  
  18  1:15  SCV  
  20  1:32  Reaper, Orbital Command  
  20  1:45  Command Center  
  20  1:56  Factory  
  20  1:59  SCV  
  21  2:11  SCV  
  21  2:14  Barracks  
  22  2:16  Barracks Reactor  
  22  2:22  Supply Depot  
  22  2:24  SCV  
  23  2:33  Refinery  
  23  2:44  SCV, Widow Mine  
  25  2:52  Marine x2  
  25  2:56  SCV  
  25  2:57  Orbital Command  
  28  3:03  Barracks Tech Lab  
  28  3:10  Marine x2  
  30  3:16  Starport  
  30  3:22  Stimpack  
  30  3:24  Marine  
  30  3:26  SCV  
  32  3:28  Marine  
  32  3:31  Factory Reactor  
  32  3:33  SCV  
  34  3:36  Marine  
  34  3:38  SCV  
  36  3:41  Supply Depot  
  36  3:43  Marine  
  36  3:46  Marine  
  36  3:47  SCV  
  39  3:51  SCV  
  39  3:54  Marine  
  41  3:56  Supply Depot  
  41  3:59  SCV  
  41  4:00  Marine  
  43  4:03  SCV  
  44  4:11  SCV  
  44  4:13  Marine x2  
  44  4:15  SCV  
  44  4:16  Medivac x2  
  52  4:22  Widow Mine  
  52  4:23  SCV  
  55  4:24  Marine  
  55  4:27  SCV  
  57  4:33  Marine x2  
  57  4:35  SCV  
  57  4:37  Supply Depot  
  60  4:39  SCV  
  60  4:43  Marine  
  60  4:45  Factory Reactor  
  62  4:54  Supply Depot  
  62  4:57  Engineering Bay  
  62  4:58  SCV x2, Marine  
  62  4:59  Engineering Bay  
  65  5:01  Marine x2  
  65  5:04  Medivac  
  69  5:10  SCV  
  69  5:12  Supply Depot  
  70  5:16  SCV, Marine  
  70  5:18  Marine  
  73  5:22  Missile Turret, Combat Shield  
  73  5:23  SCV  
  73  5:27  Missile Turret  
  74  5:28  SCV  
  74  5:31  Marine  
  74  5:35  SCV, Marine  
  75  5:40  SCV  
  72  5:47  SCV  
  72  5:49  Marine  
  70  5:53  Marine  
  70  5:55  Medivac  
  64  6:07  Marine  
  64  6:08  SCV x2  
  64  6:11  Marine  
  66  6:18  Widow Mine x2  
  66  6:23  Missile Turret  
  66  6:25  Supply Depot, Marine  
  67  6:29  Marine  
  67  6:32  SCV  
  68  6:36  Refinery  
  68  6:37  Refinery  
  68  6:41  Widow Mine x2  
  68  6:42  Marine  
  71  6:47  Marine  
  71  6:50  SCV  
  73  6:55  Command Center  
  73  6:57  Barracks  
  73  6:58  SCV  
  73  7:00  Terran Infantry Weapons Level 1, Marine  
  73  7:01  Barracks  
  75  7:02  SCV  
  75  7:03  Terran Infantry Armor Level 1  
  75  7:04  Marine  
  77  7:10  SCV  
  77  7:14  SCV  
  79  7:17  Supply Depot  
  79  7:18  Marine, Supply Depot  
  79  7:21  Starport Reactor  
  79  7:22  Marine  
  80  7:25  SCV  
  80  7:29  SCV  
  83  7:36  Marauder  
  84  7:40  Supply Depot, Marine  
  84  7:41  Supply Depot  
  84  7:43  Missile Turret  
  84  7:44  SCV  
  86  7:50  Barracks Reactor  
  86  7:54  SCV  
  86  7:55  Factory Reactor, Barracks  
  86  7:57  Marine  
  88  8:00  Barracks Tech Lab  
  88  8:01  Marine x2  
  90  8:06  SCV  
  91  8:15  Marine  
  91  8:19  Marine x2  
  94  8:21  Missile Turret  
  87  8:29  SCV x2  
  87  8:30  Marine x3  
  87  8:34  Marauder, Orbital Command  
  92  8:38  Widow Mine x2  
  96  8:42  Marine x2  
  96  8:43  Barracks Tech Lab  
  96  8:45  SCV x2  
  102  8:48  Marauder  
  102  8:50  Marine x2  
  102  8:54  Armory  
  104  8:56  Marauder  
  104  9:01  Marine x2  
  110  9:02  Marauder  
  110  9:03  Starport  
  110  9:11  Viking x2  
  110  9:13  Marauder, Marine x2  
  110  9:14  SCV  
  119  9:17  Refinery  
  119  9:21  Marine  
  119  9:22  Marauder, Marine  
  119  9:23  SCV  
  119  9:24  SCV, Marauder  
  126  9:26  SCV  
  126  9:29  Refinery  
  126  9:30  Marine  
  126  9:31  Marine  
  128  9:34  Marine  
  129  9:39  Marine  
  129  9:41  SCV, Marine  
  132  9:49  Viking x2, Ghost Academy  
  132  9:50  Marauder x2  
  140  9:55  Marine  
  140  9:59  Orbital Command  
  141  10:05  Viking x2, Marine x2  
  141  10:07  Marauder, Marine  
  138  10:17  Marauder, Marine x2  
  138  10:19  Viking  
  138  10:20  Viking  
  101  10:29  Marine  
  101  10:30  Marauder, Marine  
  101  10:35  Marine x2  
  56  10:56  Orbital Command  
  34  11:40  Marine x2  
  36  11:52  Marine  
  36  11:59  Marine x2  
  35  12:02  SCV  
Show
View Real Time Build Order
Export as new Build Order

Rob Protoss - Winner!

Build Orders: 1 Gate Expand, Dark Templar Rush 

Get SALT Encoding   

  12  0:00  Probe  
  13  0:12  Probe  
  14  0:17  Pylon  
  14  0:24  Probe  
  15  0:32  Probe  
  15  0:36  Gateway  
  15  0:40  Probe  
  16  0:46  Assimilator  
  17  0:51  Probe  
  18  1:03  Probe  
  19  1:15  Probe  
  20  1:22  Cybernetics Core  
  20  1:32  Nexus  
  20  1:35  Probe  
  21  1:40  Pylon  
  21  1:47  Probe  
  21  1:49  Adept  
  21  1:51  Assimilator  
  22  1:59  Probe  
  25  2:07  Warp Gate  
  25  2:11  Stalker, Probe  
  25  2:13  Pylon  
  28  2:23  Probe  
  29  2:35  Twilight Council  
  29  2:36  Probe  
  30  2:45  Probe  
  30  2:48  Probe  
  32  2:54  Robotics Facility  
  32  2:57  Probe  
  33  3:00  Probe  
  33  3:04  Shield Battery  
  34  3:09  Probe  
  34  3:12  Probe  
  36  3:21  Probe  
  36  3:23  Gateway  
  36  3:24  Probe  
  36  3:25  Gateway  
  36  3:26  Stalker  
  40  3:39  Dark Shrine  
  40  3:40  Probe  
  40  3:41  Probe  
  42  3:46  Warp Prism  
  42  3:52  Probe  
  42  3:53  Probe  
  44  3:55  Pylon  
  46  4:04  Probe  
  46  4:05  Probe  
  48  4:10  Assimilator  
  48  4:11  Assimilator  
  48  4:13  Pylon  
  46  4:18  Probe x2  
  46  4:22  Warp Prism  
  50  4:30  Probe x2  
  52  4:31  Forge  
  52  4:33  Shield Battery  
  52  4:40  Robotics Bay  
  52  4:50  Dark Templar  
  52  4:51  Dark Templar  
  56  4:53  Dark Templar  
  56  4:58  Gateway  
  58  5:00  Gateway  
  58  5:12  Pylon  
  58  5:28  Zealot x2, Dark Templar  
  53  5:51  Zealot, Dark Templar  
  55  5:57  Probe x2  
  53  6:09  Probe x2  
  53  6:15  Pylon  
  53  6:21  Probe x2  
  53  6:23  Dark Templar x2  
  57  6:28  Dark Templar  
  55  6:33  Probe x2  
  55  6:34  Colossus  
  55  6:36  Zealot x2  
  55  6:38  Pylon  
  61  6:40  Pylon  
  61  6:45  Probe x2  
  61  6:53  Charge  
  67  7:00  Forge  
  67  7:04  Pylon  
  67  7:05  Pylon  
  67  7:10  Colossus, Zealot x2  
  67  7:11  Zealot x3  
  81  7:39  Zealot x4  
  81  7:40  Zealot  
  89  7:49  Colossus  
  89  8:02  Pylon  
  89  8:03  Protoss Ground Weapons Level 1, Protoss Ground Armor Level 1  
  95  8:07  Nexus  
  95  8:15  Dark Templar  
  95  8:17  Probe x2  
  89  8:29  Probe  
  89  8:30  Zealot x4  
  98  8:41  Warp Prism  
  100  8:50  Archon  
  100  8:52  Dark Templar x2  
  104  8:56  Pylon  
  104  8:57  Archon  
  104  9:05  Dark Templar  
  104  9:06  Dark Templar  
  108  9:10  Archon  
  108  9:16  Dark Templar  
  110  9:27  Assimilator, Photon Cannon  
  110  9:29  Assimilator  
  110  9:30  Observer, Pylon  
  110  9:35  Zealot x2  
  115  9:42  Dark Templar x2  
  117  9:46  Pylon  
  117  9:47  Archon  
  117  9:57  Stalker, Dark Templar, Zealot  
  117  10:17  Dark Templar  
  117  10:18  Zealot x2  
  95  10:33  Dark Templar  
  89  10:42  Zealot  
  81  10:44  Shield Battery  
  81  10:46  Shield Battery  
  81  10:48  Shield Battery, Gateway  
  81  10:49  Gateway x2  
  79  10:51  Gateway, Shield Battery  
  61  11:03  Dark Templar  
  59  11:09  Dark Templar x2, Pylon, Shield Battery  
  52  11:12  Shield Battery  
  52  11:15  Shield Battery  
  45  11:25  Pylon  
  38  11:47  Zealot x3  
  38  11:48  Zealot  
  46  12:01  Pylon  
  46  12:02  Assimilator  
  46  12:03  Probe x2  
  46  12:08  Zealot  
  50  12:14  Zealot  
Tags
 
Add a new tag
Caveats
  • Supply blocks, unpowered buildings, or Contaminate may cause inaccurate times.
  • Supply counts are checked every 10 seconds.